 Dungeon Crawl Stone Soup version 0.28-a0-823-gb444dcf96d (webtiles) character file.

Game seed: 11869968646310361443

1946 Ijustatesigmund the Fighter (level 9, 0/64 HPs)
             Began as a Gargoyle Fighter on Nov 10, 2021.
             Slain by a gnoll sergeant (7 damage)
             ... on level 6 of the Dungeon.
             The game lasted 00:10:30 (5218 turns).

Ijustatesigmund the Fighter (Gargoyle Fighter)      Turns: 5218, Time: 00:10:31

Health: 0/64       AC: 23    Str: 20    XL:     9   Next: 18%
Magic:  9/9        EV:  7    Int: 12    God:
Gold:   265        SH:  4    Dex:  9    Spells: 8/8 levels left

rFire   . . .      SeeInvis .   a - +1 flail
rCold   . . .      Faith    .   c - +0 buckler
rNeg    + . .      Spirit   .   b - +1 chain mail {rPois}
rPois   ∞          Reflect  .   n - +1 hat
rElec   +          Harm     .   g - +1 cloak
rCorr   .          Rampage  .   (no gloves)
Will    +....                   m - +2 pair of boots
Stlth   ..........              (no amulet)
HPRegen 0.20/turn               f - ring of willpower
MPRegen 0.11/turn               (no ring)

@: studying Fighting
A: sickness immunity, AC +6, negative energy resistance 1, electricity
resistance, torment resistance 1, petrification resistance
a: no special abilities


You were on level 6 of the Dungeon.
You visited 1 branch of the dungeon, and saw 7 of its levels.
You also visited: Sewer.

You collected 265 gold pieces.

Inventory:

Hand Weapons
 a - a +1 flail (weapon)
Missiles
 k - 8 poisoned darts (quivered)
 u - 4 curare-tipped darts
Armour
 b - a +1 chain mail of poison resistance (worn)
 c - a +0 buckler (worn)
 g - a +1 cloak (worn)
 m - a +2 pair of boots (worn)
 n - a +1 hat (worn)
Jewellery
 f - a ring of willpower (left hand)
 j - a ring of protection from fire
Wands
 r - a wand of flame (9)
Scrolls
 i - a scroll of teleportation
 q - a scroll of enchant armour {unknown}
Potions
 d - a potion of might
 h - a potion of mutation
 l - 4 potions of cancellation
 o - a potion of lignification
 p - a potion of curing
 t - 2 potions of ambrosia


   Skills:
 + Level 11.2 Fighting
 + Level 7.2 Maces & Flails
 + Level 5.3 Armour
 + Level 5.3 Shields


You had 8 spell levels left.
You didn't know any spells.
Your spell library contained the following spells:

 Spells                   Type           Power      Damage    Failure   Level
 Animate Skeleton         Necr           0%         N/A       97%         1
 Freeze                   Ice            0%         1d3       97%         1
 Pain                     Necr           0%         1d4       97%         1
 Corpse Rot               Necr/Air       0%         N/A       99%         2
 Poisonous Vapours        Pois/Air       0%         N/A       99%         2
 Frozen Ramparts          Ice            0%         1d2       100%        3
 Vampiric Draining        Necr           0%         2d6       100%        3
 Hailstorm                Conj/Ice       0%         3d3       100%        4


Dungeon Overview and Level Annotations

Branches:
Dungeon (7/15)             Temple (0/1) D:7           Sewer (visited)

Altars:
Elyvilon
Hepliaklqana
Okawaru
Qazlal
Ru
Xom

Shops:
D:5 =

Annotations:
D:4 2 transporters, Decritt's ghost, novice TeAE
D:7 Edmund; Sigmund


Innate Abilities, Weirdness & Mutations

You are immune to sickness and miasma.
Your stone body is resilient. (AC +6)
You are immune to poison.
You resist negative energy. (rN+)
You are resistant to electric shocks. (rElec)
You are resistant to unholy torment.
You are immune to petrification.


Message History

The gnoll barely misses you.
You sock the gnoll sergeant!
The gnoll sergeant is severely wounded.
The gnoll hits you but does no damage.
The gnoll hits you from afar with a +0 halberd.
The gnoll hits you but does no damage.
The gnoll sergeant hits you but does no damage.
You block the gnoll's attack.
You barely miss the gnoll sergeant.
The gnoll sergeant is almost dead.
The gnoll hits you but does no damage.
The gnoll sergeant hits you but does no damage.
The gnoll hits you but does no damage.
You hit the gnoll sergeant but do no damage.
The gnoll sergeant is almost dead.
The gnoll hits you but does no damage.
The gnoll sergeant hits you with a +0 spear!
The gnoll hits you with a +0 halberd.
You barely miss the gnoll sergeant.
The gnoll sergeant is almost dead.
The gnoll sergeant looks more healthy.
The gnoll barely misses you.
The gnoll sergeant hits you with a +0 spear!
* * * LOW HITPOINT WARNING * * *
The gnoll barely misses you.
You hit the gnoll sergeant.
The gnoll sergeant is almost dead.
The gnoll completely misses you.
The gnoll sergeant hits you with a +0 spear.
* * * LOW HITPOINT WARNING * * *
The gnoll barely misses you.
You feel better. The gnoll hits you with a +0 halberd.
* * * LOW HITPOINT WARNING * * *
The gnoll sergeant hits you but does no damage.
The gnoll hits you with a +0 halberd.
* * * LOW HITPOINT WARNING * * *
Your chain mail prevents you from hitting the gnoll sergeant.
The gnoll sergeant is almost dead.
The gnoll hits you but does no damage.
The gnoll sergeant hits you with a +0 spear!
You die...

. .#
#######..###
#...@g......
#..g.g...#.#
#.>.....(#
#........(..
#.......##(#
#.......# (
#.......#
####.#### .#
(...


You could see a gnoll sergeant and 2 gnolls.

Vanquished Creatures
  Pikel (D:4)
  A water moccasin (Sewer)
  Duvessa (D:6)
  3 black bears
  An ogre (D:5)
  3 lemures (D:3)
  A phantom (D:5)
  4 scorpions
  Dowan (D:6)
  A water moccasin skeleton (D:6)
  A vampire bat (D:4)
  A howler monkey (D:3)
  A centaur zombie (D:5)
  A hound (D:4)
  A bullfrog skeleton (D:6)
  3 iguanas
  A hound zombie (D:5)
  2 gnolls (D:6)
  5 adders
  A shadow imp (D:5)
  2 worms
  3 dart slugs
  3 fire bats (D:4)
  8 orcs
  2 spectral bats (D:4)
  16 bats
  3 bat skeletons (D:4)
  A bat zombie (D:4)
  9 endoplasms
  6 giant cockroaches
  5 goblins
  7 hobgoblins
  9 jackals
  7 quokkas
  4 ball pythons
  A bat simulacrum (D:4)
  3 frilled lizards
  18 kobolds
  5 rats
146 creatures vanquished.

Vanquished Creatures (others)
  4 fungi (D:3)
  8 plants (D:3)
12 creatures vanquished.

Grand Total: 158 creatures vanquished

Notes
Turn   | Place    | Note
-------+----------+-------------------------------------------
     0 | D:1      | Ijustatesigmund the Gargoyle Fighter began the quest for
                  | the Orb.
     0 | D:1      | Reached XP level 1. HP: 14/14 MP: 1/1
    78 | D:1      | Reached XP level 2. HP: 20/20 MP: 2/2
    80 | D:1      | Reached skill level 4 in Fighting
   521 | D:1      | Reached XP level 3. HP: 24/24 MP: 3/3
  1136 | D:2      | Reached skill level 5 in Fighting
  1136 | D:2      | Reached XP level 4. HP: 25/31 MP: 4/4
  1817 | D:3      | Found a stormy altar of Qazlal.
  1933 | D:3      | Found a shimmering altar of Xom.
  1933 | D:3      | Found a white marble altar of Elyvilon.
  2047 | D:3      | Found a faded altar of an unknown god.
  2058 | D:3      | Reached XP level 5. HP: 35/35 MP: 5/5
  2228 | D:3      | Found a sacrificial altar of Ru.
  2552 | D:4      | Found a transporter.
  2566 | D:4      | Noticed Decritt's ghost (novice TeAE)
  2599 | D:4      | Found a transporter.
  2659 | D:4      | Identified a scroll of acquirement
  2659 | D:4      | Acquired a manual of Fighting
  2686 | D:4      | Reached skill level 6 in Fighting
  2718 | D:4      | Found an iron altar of Okawaru.
  2772 | D:4      | Noticed a lemure
  2772 | D:4      | Noticed a lemure
  2773 | D:4      | Noticed a lemure
  2806 | D:3      | Found a hazy altar of Hepliaklqana.
  2821 | D:3      | Killed a lemure
  2879 | D:3      | Killed a lemure
  3049 | D:3      | Killed a lemure
  3110 | D:4      | Noticed Pikel
  3116 | D:4      | Noticed a lemure
  3126 | D:4      | Killed Pikel
  3127 | D:4      | Reached skill level 8 in Fighting
  3127 | D:4      | Reached skill level 5 in Maces & Flails
  3127 | D:4      | Reached XP level 6. HP: 32/45 MP: 6/6
  3127 | D:4      | Reached XP level 7. HP: 36/50 MP: 7/7
  3343 | D:4      | Reached skill level 9 in Fighting
  3723 | D:4      | Reached XP level 8. HP: 56/56 MP: 8/8
  3779 | D:5      | Entered Level 5 of the Dungeon
  3904 | D:5      | Reached skill level 10 in Fighting
  4285 | D:5      | Found a glowing drain.
  4303 | Sewer    | Entered a sewer
  4569 | D:5      | Found Biakh's Jewellery Boutique.
  4912 | D:6      | Noticed Duvessa
  4920 | D:6      | Killed Duvessa
  4921 | D:6      | Reached skill level 11 in Fighting
  4921 | D:6      | Reached skill level 5 in Armour
  4921 | D:6      | Reached skill level 5 in Shields
  4921 | D:6      | Reached XP level 9. HP: 58/64 MP: 9/9
  4971 | D:6      | Noticed Dowan
  4982 | D:6      | Killed Dowan
  5151 | D:7      | Noticed Sigmund
  5156 | D:7      | Noticed Edmund
  5156 | D:7      | Found a staircase to the Ecumenical Temple.
  5218 | D:6      | Slain by a gnoll sergeant

Illustrated notes

Levels and vault maps discovered:
D:1:      minmay_arrival_four_loops, layout_basic
D:2:      minmay_spotlight, layout_loops_cross, kennysheep_generic_room_12
D:3:      layout_loops_ring, mainiacjoe_overflow_alcove_2,
          nicolae_qazlal_scattered_showers, nicolae_overflow_hidden_temple,
          shapermc_ecumenical_altar_mp_urbaneastern
D:4:      layout_cave_pools, okawaru_altar_gauntlet_db,
          gammafunk_ghost_stat_death, kennysheep_another_room, goddamned_bats,
          uniq_pikel
D:5:      layout_rooms, serial_shops, nicolae_take_the_stairs,
          gup_sewer_entry_pipe
D:6:      layout_loops_cross, lemuel_tele_altar, uniq_duvessa
D:7:      layout_rooms, minmay_temple_entry_glass,
          chequers_serial_rivers_micro_d, sigmund_edmund_badplayer

Skill      XL: |  1  2  3  4  5  6  7  8 |
---------------+-------------------------+-----
Fighting       | 4 5 8 9 11 | 11.2
Maces & Flails | 3 5 6 7 |  7.2
Armour         | 5 |  5.3
Shields        | 5 |  5.3

Action                   |  1- 3 |  4- 6 |  7- 9 || total
-------------------------+-------+-------+-------++-------
Melee: Flail             |   117 |   164 |   262 ||   543
Throw: Dart              |       |       |    12 ||    12
  Use: Scroll            |     7 |     4 |     8 ||    19
       Potion            |       |     1 |     2 ||     3
 Stab: Distracted        |       |       |     1 ||     1
Armor: Scale mail        |    73 |    50 |       ||   123
       Chain mail        |       |    54 |   260 ||   314
Dodge: Dodged            |    48 |    78 |   117 ||   243
Block: Buckler           |    26 |    24 |    46 ||    96

Table legend: (Time is in decaauts)
 A = Elapsed time spent in this place.
 B = Non-inter-level travel time spent in this place.
 C = Inter-level travel time spent in this place.
 D = Time resting spent in this place.
 E = Time spent auto-exploring this place.
 F = Levels seen in this place.
 G = Mean time per level.
                   A        B        C        D        E       F      G
               +--------+--------+--------+--------+--------+-----+--------+
         Total |   5354 |   5154 |    200 |    433 |   3399 |   8 |  669.2 |
       Dungeon |   5166 |   4966 |    200 |    433 |   3265 |   7 |  738.0 |
         Sewer |    188 |    188 |      0 |      0 |    134 |   1 |  188.0 |
               +--------+--------+--------+--------+--------+-----+--------+

Top non-repeatable levels by time:
     D:3: 1082 daAuts
     D:4: 987 daAuts
     D:2: 943 daAuts
     D:1: 872 daAuts
     D:5: 848 daAuts
     D:6: 420 daAuts
   Sewer: 188 daAuts
     D:7: 11 daAuts
